Unix NetHack Version 5.0.0-0 post-release - last build May 10 2026 23:12:36 (d1fa5d53e341ca933230fdaa984d921c805b60aa,branch:main).

Game began 2026-05-14 13:38:54, ended 2026-05-14 16:28:07.

BaeHund, neutral female human Ranger

       -------------           --------------------            ------
       |....)...)..|           |..|...............|          .*-)...|
      --...------..------     ---.................----        --[--.---
   ----..--|    |-......--  .*-......................--       |.[.....|
  --.......|    |........|    ---..................|..--   -----%...---
  |........---  --......--      ---------------------..-- --..|..----
  --...---...--  --------                           --..---.....--
   ----- --.(.---              ----------            --.........|
          |--...------------ ---........------------  -----..----
         --................---..............-...-..|    |.--...|
        --..----------.---..................----------- |(.--..--
       --..--        |--.....................|.....Y@.-----.--..--
    ----..-.|       .|.(.........)**.....^......-----%d.)....--..|
   --.......|       [|......^*...)).....%%....--|   -------^+....|
   |.......-       -|-..........).[..0....%.....|        |.......|
   ---...---       |...........-------.......----        ---------
     |.....|       |...|.......|     |.......|
     -------       -------------     ---------
BaeHund the Trailblazer      St:11 Dx:11 Co:16 In:15 Wi:14 Ch:7  Neutral
Dlvl:12 $:257 HP:0(56) Pw:39(39) AC:-1 Xp:9 T:4146  Stressed

Latest messages:
 The hill orc wields 2 daggers!
 The hill orc thrusts one of her daggers.
 The hill orc just misses!
 You hit the hill orc!
 The hill orc thrusts one of her daggers.
 The hill orc misses!
 What do you want to use or apply? [eimoprtZ or ?*] o
 You produce a strange whistling sound.
 Sirius shifts location.
 The hill orc thrusts one of her daggers.
 The hill orc misses!
 The hill orc wields a crude dagger!
 Sirius steps reluctantly onto a crude dagger.
 You kill the hill orc!
 The hill orc picks up an iron skull cap.
 Sirius steps reluctantly onto a crude dagger.
 You hit the hill orc!
 The hill orc thrusts his crude dagger.
 The hill orc misses!
 You kill the hill orc!
 Sirius steps reluctantly onto a crude dagger.
 The hill orc picks up a potion of healing.
 The hill orc misses!
 You hit the hill orc!
 You hit the hill orc!
 You kill the hill orc!
 There are many objects here.
 Sirius steps reluctantly onto a crude dagger.
 Your lamp called oil flickers.
 You have trouble lifting $ - 69 gold pieces (257 in total).
 c - a potion of healing.
 Sirius eats a hill orc corpse.
 You hit the owlbear!
 The owlbear hits!
 The owlbear hits again!
 The owlbear grabs you!
 The owlbear just misses!
 The owlbear misses!
 You are being crushed.
 You cannot escape from the owlbear!
 The dagger hits the owlbear.
 The owlbear hits!
 The owlbear hits again!
 You are being crushed.
 You die...
 Do you want your possessions identified? [ynq] (y) y
 Do you want to see your attributes? [ynq] (y) y
 Do you want an account of creatures vanquished? [ynaq] (y) y
 Do you want to see your conduct and achievements? [ynq] (y) y
 Do you want to see the dungeon overview? [ynq] (y) y

Inventory:
 Coins    ('$')
  $ - 257 gold pieces
 Weapons  (')')
  s - 26 +2 arrows
  d - 68 +0 arrows
  E - a blessed +1 bow (alternate weapon; not wielded)
  a - a +4 dagger (weapon in right hand)
 Armor    ('[')
  B - an uncursed +0 dwarvish iron helm (being worn)
  u - an uncursed burnt +0 pair of speed boots (being worn)
  G - an uncursed +2 cloak of displacement (being worn)
  k - an uncursed +0 Hawaiian shirt with a giant eel motif (being worn)
  H - an uncursed +0 dwarvish mithril-coat (being worn)
 Comestibles  ('%')
  f - 6 uncursed cram rations
  j - 5 uncursed food rations
 Scrolls  ('?')
  T - a cursed scroll of confuse monster
  V - an uncursed scroll of gold detection
  b - a blessed scroll of light
  L - an uncursed scroll of magic mapping
  l - a blessed scroll of teleportation
 Potions  ('!')
  n - an uncursed potion of full healing
  c - an uncursed potion of healing
  W - an uncursed potion of oil
 Rings    ('=')
  h - a blessed +2 ring of gain constitution
  I - a cursed ring of hunger
  q - a cursed +0 ring of increase accuracy
  g - an uncursed ring of polymorph control (on right hand)
 Wands    ('/')
  i - a wand of light (0:15)
  p - a wand of striking (0:1)
  m - a wand of undead turning (0:5)
 Tools    ('(')
  o - an uncursed magic whistle
  Z - an uncursed oil lamp (lit)
  e - an uncursed skeleton key
 Gems/Stones  ('*')
  t - a cursed loadstone
  r - an uncursed luckstone

BaeHund the Ranger's attributes:

Background:
 You were a Trailblazer, a level 9 female human Ranger.
 You were neutral, on a mission for Venus
 who was opposed by Mercury (lawful) and Mars (chaotic).
 You were right-handed.
 You were in the Gnomish Mines, on level 12.
 You entered the dungeon 4146 turns ago.
 You had 3133 experience points, 1987 more were needed to attain level 10.

Basics:
 You had 0 out of 56 hit points.
 You had all 39 energy points (spell power).
 Your armor class was -1.
 Your wallet contained 257 zorkmids.
 Autopickup was off.

Final Characteristics:
 Your strength was 11 (peak:15, limit:18/100).
 Your dexterity was 11 (limit:18).
 Your constitution was 16 (limit:18).
 Your intelligence was 15 (limit:18).
 Your wisdom was 14 (limit:18).
 Your charisma was 7 (limit:18).

Final Status:
 You were held by an owlbear (west).
 You weren't hungry.
 You were stressed; movement was moderately slowed.
 You were wielding a dagger.
 You had basic skill with dagger and could have enhanced that.

Final Attributes:
 You were piously aligned.
 You had automatic searching.
 You were displaced.
 You were stealthy.
 You were guarded.
 Your spell casting was impaired by metallic armor.
 You had polymorph control.
 You were very fast.
 You had extra luck.
 Bad luck did not time out for you.
 Good luck did not time out for you.
 Venus was angry with you.
 You are dead.

Miscellaneous:
 You didn't encounter any bones levels.
 Total elapsed playing time was 2 hours, 12 minutes and 18 seconds.

Major events:
 Turn
    1: BaeHund the neutral female human Ranger entered the dungeon
  860: attained the rank of Lookout (level 3)
 1249: entered the Gnomish Mines
 1720: reached Mine Town
 1732: attained the rank of Trailblazer (level 6)
 3936: acquired the Mines' End luckstone
 4146: killed by an owlbear

Spells:
 Name                 Level Category     Fail Retention
 slow monster           2   enchantment  100%  76%-100%
 healing                1   healing      100%  76%-100%
 identify               3   divination   100%  76%-100%
 light                  1   divination   100%  76%-100%

Skills:
 Fighting Skills
   bare handed combat [Unskilled]
   riding             [Unskilled]
 Weapon Skills
   dagger             [Basic]
   knife              [Unskilled]
   axe                [Unskilled]
   pick-axe           [Unskilled]
   short sword        [Unskilled]
   morning star       [Unskilled]
   flail              [Unskilled]
   hammer             [Unskilled]
   quarterstaff       [Unskilled]
   polearms           [Unskilled]
   spear              [Unskilled]
   trident            [Unskilled]
   bow                [Basic]
   sling              [Unskilled]
   crossbow           [Unskilled]
   dart               [Unskilled]
   shuriken           [Unskilled]
   boomerang          [Unskilled]
   whip               [Unskilled]
 Spellcasting Skills
   healing spells     [Unskilled]
   divination spells  [Unskilled]
   escape spells      [Unskilled]

Voluntary challenges:
 Character rerolling was not enabled.
 You never genocided any monsters.
 You never polymorphed an object.
 You never changed form.
 You used no wishes.
Achievements:
 You entered a shop.
 You attained the rank of Lookout.
 You entered the Gnomish Mines.
 You entered Minetown.
 You attained the rank of Trailblazer.
 You entered a temple.
 You completed the Gnomish Mines.

 The Dungeons of Doom: levels 1 to 5
    Level 1:
    Level 2:
       A weapon shop, a fountain.
    Level 3:
       A general store, a fountain.
    Level 4:
       A general store.
       Stairs down to The Gnomish Mines.
    Level 5:
 The Gnomish Mines: levels 5 to 12
    Level 5:
    Level 6:
    Level 7:
       Some shops, a temple and an altar, a fountain, a sink.
    Level 8:
    Level 9: "spellbook healing"
    Level 10:
    Level 11: "ID spellbook"
    Level 12: <- You were here.
       Final resting place for
          you, killed by an owlbear.


Vanquished creatures:
  a wumpus
  5 small mimics
 an ogre leader
  a quantum mechanic
  a large dog
  a tiger
  4 stone giants
  a human mummy
  a red naga
  a leather golem
  a giant beetle
  a cockatrice
  2 wolves
  3 giant spiders
  2 gnome rulers
  a lizard
  2 chickatrices
  a housecat
  a dwarf leader
  a raven
  a bugbear
  a water nymph
  a yellow light
  a shrieker
 18 gnome leaders
  4 gnomish wizards
  a ghoul
  4 giant ants
  a little dog
  a kitten
 19 dwarves
  a homunculus
  a kobold leader
  7 hill orcs
  2 monkeys
 an orc zombie
  2 killer bees
 an acid blob
  2 coyotes
  3 hobbits
  a yellow mold
  a red mold
 68 gnomes
  2 garter snakes
  3 geckos
  2 jackals
  2 foxes
  2 kobolds
  a grid bug
  4 lichens
  2 kobold zombies
  5 newts
197 creatures vanquished.

No species were genocided or became extinct.

Game over:
                       ----------
                      /          \
                     /    REST    \
                    /      IN      \
                   /     PEACE      \
                  /                  \
                  |     BaeHund      |
                  |      257 Au      |
                  |   killed by an   |
                  |     owlbear      |
                  |                  |
                  |                  |
                  |       2026       |
                 *|     *  *  *      | *
        _________)/\\_//(\/(/\)/\//\/|_)_______

Goodbye BaeHund the Ranger...

You died in The Gnomish Mines on dungeon level 12 with 13374 points,
and 257 pieces of gold, after 4146 moves.
You were level 9 with a maximum of 56 hit points when you died.

